AoeStats
← TheF!nalOne

MegaRandom

509468006Analyzed
2v2 RM · 5d ago on Sep 26, 2026· 36m 17s· 4 players
Game mode
Random Map
Map size
Medium (4 player)
Population
200
Speed
Normal
Resources
Standard
Victory
Conquest
Starting age
Dark Age
Ending age
Imperial Age
RankedLock teamsTeams togetherTeam positionsShared explorationLock speedFull tech treeHidden civsTurbo modeCheats
Victory
Defeat
🇲🇽 Celts · Mexico
1091
+12
🇬🇷 Huns · Greece
1002
+16
🇺🇸 Vikings · United States
1009
-14
🇺🇸 Vikings · United States
994
-14
alkis.phoenix
11:53 Feudal Age
11:26 Loom
15:14 Wheelbarrow
16:11 Double-Bit Axe
20:31 Castle Age
19:09 Gold Mining
19:53 Horse Collar
20:31 Fletching
22:48 Wheelbarrow
23:03 Bow Saw
22:54 Bodkin Arrow
23:36 Town Watch
25:13 Husbandry
25:32 Bloodlines
26:28 Padded Archer Armor
27:19 Light Cavalry
29:54 Ballistics
31:49 Thumb Ring
36:05 Hand Cart
39:08 Imperial Age
Sir_De_Metz
3:51 Loom
10:09 Feudal Age
10:40 Double-Bit Axe
10:37 Horse Collar
10:23 Man-at-Arms
15:57 Scale Mail Armor
16:53 Forging
20:13 Arson
23:11 Wheelbarrow
27:12 Castle Age
25:16 Town Watch
26:43 Gold Mining
28:22 Chain Mail Armor
27:28 Long Swordsman
27:56 Gambesons
28:37 Bow Saw
28:29 Heavy Plow
29:16 Hand Cart
31:53 Iron Casting
BLUERACOON
3:39 Loom
5:03 Loom
12:36 Feudal Age
14:32 Double-Bit Axe
15:11 Horse Collar
18:23 Town Watch
20:53 Castle Age
19:28 Stone Mining
25:14 Gold Mining
27:36 Scale Mail Armor
27:47 Forging
30:31 Elite Skirmisher
32:41 Chieftains
TheF!nalOne
5:14 Loom
11:04 Feudal Age
11:21 Loom
16:10 Fletching
17:22 Padded Archer Armor
20:16 Forging
28:21 Castle Age
28:26 Crossbowman
29:02 Bodkin Arrow
Connection lost

Rejoining the realm…

Still unreachable

The connection could not be restored.

Session expired

The server has moved on; the page needs a fresh start.